 Dungeon Crawl Stone Soup version 0.17.0-73-gb648821 (webtiles) character file.

1441 JokEr the Fighter (level 8, 56/56 HPs)
             Began as a Gargoyle Fighter on Dec 9, 2015.
             Quit the game on level 7 of the Dungeon.
             The game lasted 00:15:39 (4535 turns).

JokEr the Fighter (Gargoyle Fighter)                Turns: 4535, Time: 00:15:40

Health: 56/56      AC: 20    Str: 22    XL:     8   Next: 74%
Magic:  8/8        EV:  7    Int:  9    God:
Gold:   149        SH: 10    Dex:  9    Spells: 0 memorised, 7 levels left

rFire  . . .     SeeInvis .     u - +3 mace (protect)
rCold  . . .     Clarity  .     b - +0 scale mail
rNeg   + . .     SustAt   .     c - +1 shield
rPois  ∞         Gourm    .     (no helmet)
rElec  +         Spirit   .     (no cloak)
rCorr  .         Warding  .     (no gloves)
rMut   .         Stasis   .     (no boots)
MR     .....                    (no amulet)
Stlth  +.........               x - +3 ring of protection
                                h - ring of stealth

@: not resistant to hostile enchantments, very unstealthy
A: negative energy resistance 1, electricity resistance, unbreathing,
petrification resistance, rot immunity, AC +5
a: no special abilities


You were on level 7 of the Dungeon.
You were not hungry.

You visited 1 branch of the dungeon, and saw 7 of its levels.

You collected 380 gold pieces.
You spent 231 gold pieces at shops.

Inventory:

Hand Weapons
 a - a +0 flail
 u - a +3 mace of protection (weapon)
 y - a -1 flail
Armour
 b - a +0 scale mail (worn)
 c - a +1 shield (worn)
Jewellery
 h - a ring of stealth (left hand)
 q - an uncursed ring of sustain attributes {unknown}
 x - a +3 ring of protection (right hand)
Wands
 t - a wand of slowing (32)
Scrolls
 f - 8 scrolls of identify
 k - a scroll of blinking
 r - 4 scrolls of magic mapping
Potions
 d - 2 potions of might
 e - 3 potions of curing
 j - a potion of mutation {unknown}
 l - 2 potions of lignification {unknown}
 n - a potion of flight {unknown}
 o - a potion of haste {unknown}
 p - a potion of agility {unknown}
Comestibles
 i - a beef jerky
 m - 2 meat rations
 v - 4 bread rations
 w - a royal jelly


   Skills:
 + Level 8.8 Fighting
 + Level 7.7 Maces & Flails
 - Level 3.2 Armour
 - Level 3.2 Shields


You had 7 spell levels left.
You didn't know any spells.

Dungeon Overview and Level Annotations

Branches:
Dungeon (7/15)
 Temple: D:4-7

Altars:
Gozag
Sif Muna
Trog
The Shining One

Shops:
D:6 =:=[

Annotations:
D:7 Joseph; homeworkjunkie's ghost, novice HOFi


Innate Abilities, Weirdness & Mutations

You are resistant to torment.
Your stone body is resilient (AC +5).
You are immune to poison.
You resist negative energy.
You are resistant to electric shocks.
You can survive without breathing.
You are immune to petrification.
You are immune to rotting.


Message History

You feel strangely unstable.
It was a scroll of teleportation.
Your surroundings suddenly seem different.
Why would you want to do that?
There is an open door here.
There is an open door here.
Done exploring.
Read which item? (? for menu, Esc to quit)
As you read the scroll labeled XUVATA FYPHAGH, it crumbles to dust.
You feel as if something is helping you.
It was a scroll of remove curse.
You feel protected!
u - a +3 mace of protection (weapon)
Done exploring.
There is an open door here.
There is a stone staircase leading down here.
You climb downwards.
Level annotation: Joseph; homeworkjunkie's ghost, novice HOFi
There is a stone staircase leading up here.
Unknown command.
Are you sure you want to abandon this character and quit the game? (Confirm with "yes".) # #########.# .......@..# #########.# #

There were no monsters in sight!

Vanquished Creatures
  Pikel (D:5)
  Sigmund (D:5)
  Menkaure (D:6)
  3 ogres
  A scorpion (D:6)
  A giant frog zombie (D:5)
  A hound (D:4)
  2 orc wizards (D:4)
  A centaur skeleton (D:4)
  Jessica (D:2)
  Terence (D:2)
  A worker ant (D:4)
  6 adders
  An ooze (D:4)
  An adder zombie (D:6)
  4 worms
  An adder skeleton (D:4)
  3 giant geckos
  16 orcs
  2 ball pythons
  4 giant cockroaches
  8 hobgoblins
  8 jackals
  5 quokkas
  3 bats
  5 giant newts
  6 goblins
  5 kobolds (D:1)
  A quokka skeleton (D:5)
  7 rats
101 creatures vanquished.

Vanquished Creatures (others)
  A slave (D:5)
  A worm (D:5)
  4 jackals (D:5)
6 creatures vanquished.

Grand Total: 107 creatures vanquished

Notes
Turn   | Place    | Note
--------------------------------------------------------------
     0 | D:1      | JokEr the Gargoyle Fighter began the quest for the Orb.
     0 | D:1      | Reached XP level 1. HP: 14/14 MP: 1/1
   391 | D:1      | Reached XP level 2. HP: 19/19 MP: 2/2
   885 | D:1      | Reached skill level 4 in Fighting
  1027 | D:2      | Noticed Jessica
  1034 | D:2      | Killed Jessica
  1034 | D:2      | Reached XP level 3. HP: 24/24 MP: 3/3
  1073 | D:2      | Reached XP level 4. HP: 18/30 MP: 4/4
  1231 | D:2      | Noticed Terence
  1247 | D:2      | Killed Terence
  1621 | D:3      | Reached XP level 5. HP: 26/34 MP: 5/5
  1727 | D:3      | Reached skill level 5 in Fighting
  1994 | D:3      | Found a glowing golden altar of the Shining One.
  2315 | D:4      | Reached XP level 6. HP: 38/40 MP: 6/6
  2616 | D:4      | Noticed an ogre
  2625 | D:4      | Killed an ogre
  2625 | D:4      | Reached skill level 6 in Fighting
  2625 | D:4      | Reached skill level 5 in Maces & Flails
  3121 | D:5      | Entered Level 5 of the Dungeon
  3238 | D:5      | Reached XP level 7. HP: 42/47 MP: 7/7
  3400 | D:5      | Noticed Pikel
  3433 | D:5      | Killed Pikel
  3433 | D:5      | Reached skill level 7 in Fighting
  3433 | D:5      | Reached XP level 8. HP: 41/54 MP: 8/8
  3550 | D:5      | Found a bloodstained altar of Trog.
  3663 | D:5      | Noticed Sigmund
  3673 | D:5      | Killed Sigmund
  3673 | D:5      | Reached skill level 8 in Fighting
  3834 | D:6      | Noticed Menkaure
  3840 | D:6      | Killed Menkaure
  3962 | D:6      | Found Oskiodau's Book Boutique.
  4016 | D:6      | Found a deep blue altar of Sif Muna.
  4016 | D:6      | Found an opulent altar of Gozag.
  4069 | D:6      | Found Cojoiqel's Jewellery Shoppe.
  4072 | D:6      | Bought a +3 ring of protection for 231 gold pieces
  4128 | D:6      | Found a bloodstained altar of Trog.
  4144 | D:6      | Found Usewkon's Antique Armour Boutique.
  4184 | D:6      | Found Toicufeech's Jewellery Boutique.
  4258 | D:6      | You fall through a shaft!
  4263 | D:7      | Noticed Joseph
  4269 | D:7      | Noticed homeworkjunkie's ghost (novice HOFi)
  4400 | D:6      | Found Vago's Armour Emporium.
  4535 | D:7      | Quit the game

Action                   |  1- 3 |  4- 6 |  7- 9 || total
-------------------------+-------+-------+-------++-------
Melee: Flail             |   122 |    34 |       ||   156
       Mace              |       |   149 |   129 ||   278
  Use: Scroll            |       |    11 |     3 ||    14
       Potion            |       |       |     1 ||     1
 Stab: Sleeping          |       |     1 |       ||     1
  Eat: Bread ration      |     1 |       |       ||     1
       Beef jerky        |       |     2 |       ||     2
       Meat ration       |       |     1 |       ||     1
